 Dungeon Crawl Stone Soup version 0.21-a0-264-g3e31e41 (webtiles) character file.

230 sagitran the Slasher (level 5, -8/39 HPs)
             Began as a Demonspawn Gladiator on Sept 8, 2017.
             Mangled by Pikel
             ... wielding a +0 whip of electrocution
              (11 damage)
             ... on level 4 of the Dungeon.
             The game lasted 00:12:47 (2227 turns).

sagitran the Slasher (Demonspawn Gladiator)         Turns: 2227, Time: 00:12:48

Health: -8/39      AC: 11    Str: 16    XL:     5   Next: 72%
Magic:  0/14       EV:  6    Int:  9    God:
Gold:   137        SH:  0    Dex: 14    Spells: 4/4 levels left

rFire    . . .     SeeInvis .   a - +0 long sword
rCold    . . .     Gourm    .   (no shield)
rNeg     . . .     Faith    .   s - +0 plate armour {MR+}
rPois    .         Spirit   +   (helmet restricted)
rElec    .         Reflect  .   (no cloak)
rCorr    .         Harm     .   l - +0 pair of gloves
MR       +....                  (no boots)
Stlth    ..........             (no amulet)
HPRegen  0.13/turn              v - ring of magical power
MPRegen  0.14/turn              (no ring)

@: no status effects
A: antennae 1, magic shield
a: no special abilities


You were on level 4 of the Dungeon.
You were hungry.

You visited 1 branch of the dungeon, and saw 4 of its levels.

You collected 137 gold pieces.

Inventory:

Hand Weapons
 a - a +0 long sword (weapon)
Missiles
 d - a throwing net (quivered)
 p - 6 javelins
Armour
 b - a +0 leather armour
 c - a +0 helmet
 l - a +0 pair of gloves (worn)
 s - a +0 plate armour of magic resistance (worn)
Jewellery
 v - a ring of magical power (left hand)
Scrolls
 e - 4 scrolls of identify {unknown}
 h - 3 scrolls of teleportation {unknown}
 i - a scroll of remove curse {unknown}
 k - a scroll of magic mapping {unknown}
 q - a scroll of enchant armour {unknown}
Potions
 g - 2 potions of curing {unknown}
 n - 2 potions of degeneration {unknown}
 o - a potion of brilliance {unknown}
 t - a potion of flight {unknown}
Comestibles
 f - 3 bread rations
 j - 2 royal jellies
 m - 3 meat rations
 r - a chunk of flesh
 u - 2 fruits


   Skills:
 + Level 2.4 Fighting
 + Level 4.4 Long Blades
 + Level 2.2 Throwing
 + Level 1.8 Armour
 + Level 3.5 Dodging
 + Level 0.2 Stealth


You had 4 spell levels left.
You didn't know any spells.

Dungeon Overview and Level Annotations

Branches:
Dungeon (4/15)
 Temple: D:4-7

Altars:
Ru
Trog
Uskayaw

Annotations:
D:4 Pikel


Innate Abilities, Weirdness & Mutations

You have a pair of small antennae on your head.
When hurt, damage is shared between your health and your magic reserves.


Message History

You climb downwards.
Level annotation: Pikel Pikel barely misses you.
You riposte.
Your plate armour prevents you from hitting Pikel.
A slave comes into view.
There is a stone staircase leading up here.
You closely miss Pikel.
The slave shouts!
Pikel hits you but does no damage. The slave hits you but does no damage.
The slave barely misses you.
You riposte.
You miss the slave. The slave hits you but does no damage.
You slash Pikel!
Pikel is moderately wounded.
Pikel hits you but does no damage.
You are electrocuted!
* * * LOW HITPOINT WARNING * * *
The slave hits you but does no damage. The slave hits you.
* * * LOW HITPOINT WARNING * * *
The slave hits you but does no damage. Pikel hits you but does no damage.
You are electrocuted!
You die...

#. .#
#. .
..###.
#....
#.#..
#...#
#.pK#
#.p@#
#.#p#
# .p.
###.#
.. #.#
.# .>


You could see Pikel and 4 slaves.

Vanquished Creatures
  The ghost of sagitran the Slasher, an amateur DsGl (D:3)
  An orc wizard (D:3)
  A worker ant zombie (D:3)
  4 adders
  A gnoll (D:1)
  A worm (D:2)
  3 dart slugs
  4 leopard geckos
  3 orcs (D:3)
  3 giant cockroaches
  5 goblins
  4 hobgoblins
  2 jackals (D:2)
  2 kobolds (D:1)
  A quokka (D:2)
  8 bats
  3 frilled lizards
  8 rats
55 creatures vanquished.

Notes
Turn   | Place    | Note
-------+----------+-------------------------------------------
     0 | D:1      | sagitran the Demonspawn Gladiator began the quest for the Orb.
     0 | D:1      | Reached XP level 1. HP: 16/16 MP: 1/1
    72 | D:1      | Gained mutation: When hurt, damage is shared between your health and your magic reserves. [demonic ancestry]
    72 | D:1      | Reached XP level 2. HP: 21/22 MP: 2/2
   300 | D:1      | Reached skill level 3 in Long Blades
   312 | D:1      | Reached XP level 3. HP: 14/27 MP: 1/3
  1123 | D:2      | Reached XP level 4. HP: 19/33 MP: 1/4
  1879 | D:2      | Found a bloodstained altar of Trog.
  1997 | D:2      | Found a sacrificial altar of Ru.
  2103 | D:3      | Found a hide-covered altar of Uskayaw.
  2120 | D:3      | Reached skill level 4 in Long Blades
  2138 | D:3      | Noticed sagitran's ghost (amateur DsGl)
  2154 | D:3      | Killed sagitran's ghost
  2154 | D:3      | Reached skill level 1 in Armour
  2154 | D:3      | Gained mutation: You have a pair of small antennae on your head. [demonic ancestry]
  2154 | D:3      | Reached XP level 5. HP: 23/39 MP: 2/5
  2215 | D:4      | Noticed a slave
  2215 | D:4      | Noticed a slave
  2215 | D:4      | Noticed a slave
  2217 | D:4      | Noticed Pikel
  2226 | D:4      | Noticed a slave
  2227 | D:4      | Mangled by Pikel

Vault maps used:
D:1:      mushboom_english_gardens
D:2:      bloody_trog, first_bread, nicolae_ru_the_path_less_chosen
D:3:      eat_drink_and_be_merry_uskayaw, chequers_ecumenical_altar_grove,
          st_stairs_9, corexii_leaking_fountain, uniq_natasha, uniq_ijyb
D:4:      cheibrodos_quashed, lemuel_crystal_altar, serial_shops, shop,
          hex_large, okawaru_metal_pillars_1_2, uniq_robin, uniq_pikel,
          uniq_grinder

Skill      XL: |  1  2  3  4 |
---------------+-------------+-----
Throwing       | 2 |  2.2
Dodging        | 3 |  3.5
Long Blades    | 3 4 |  4.4
Armour         | 1 |  1.8
Fighting       | |  2.4
Stealth        | |  0.2

Action                   |  1- 3 |  4- 6 || total
-------------------------+-------+-------++-------
Melee: Long sword        |    80 |    95 ||   175
Throw: Throwing net      |     2 |     3 ||     5
       Javelin           |       |     2 ||     2
 Stab: Held in net/web   |     1 |       ||     1
       Sleeping          |     1 |       ||     1
  Eat: Chunk             |     1 |     3 ||     4
Armor: Leather armour    |    26 |    19 ||    45
       Plate armour      |       |    52 ||    52
Dodge: Dodged            |    64 |    59 ||   123
       Rpst.: Long sword |    17 |    18 ||    35

Table legend:
 A = Spawn XP
 B = Non-spawn XP
 C = Spawn XP percentage of total XP
 D = Spawn monster count
 E = Non-spawn monster count
 F = Spawn count percentage of total count
 G = Total turns spent on level
                    A         B        C        D         E        F      G
               +---------+---------+-------+---------+---------+-------+---------
         Total |       0 |     329 |   0.0 |       0 |      55 |   0.0 |  2227
               +---------+---------+-------+---------+---------+-------+---------
           D:1 |       0 |      56 |   0.0 |       0 |      22 |   0.0 |   810
           D:2 |       0 |      75 |   0.0 |       0 |      22 |   0.0 |  1199
           D:3 |       0 |     198 |   0.0 |       0 |      11 |   0.0 |   212
               +---------+---------+-------+---------+---------+-------+---------
